 Dungeon Crawl Stone Soup version 0.30.1-9-gdf580d7c3d (webtiles) character file.

Game seed: 5263885609737592063

119 Ivernyr the Shield-Bearer (level 5, 0/42 HPs)
             Began as a Formicid Fighter on Oct 12, 2023.
             Killed by divine providence
             ... invoked by an orc priest
              (9 damage)
             ... on level 4 of the Dungeon.
             The game lasted 00:03:50 (2275 turns).

Ivernyr the Shield-Bearer (Formicid Fighter)        Turns: 2275, Time: 00:03:50

Health: 0/42       AC:  8    Str: 20    XL:     5   Next: 23%
Magic:  5/5        EV:  9    Int:  8    God:
Gold:   167        SH:  5    Dex: 15    Spells: 4/4 levels left

rFire   . . .        a - +0 long sword
rCold   . . .        c - +0 buckler
rNeg    + . .        b - +0 scale mail
rPois   .            (helmet unavailable)
rElec   .            (no cloak)
rCorr   .            (no gloves)
SInv    +            k - +0 pair of boots
Will    .....        p - amulet of the acrobat Stlth
                     j - ring of positive energy
HPRegen 0.27/turn    (no ring)
MPRegen 0.09/turn

%: acrobat
@: no status effects
A: permanent stasis, dig shafts and tunnels, antennae 3, four strong arms
a: Dig, Shaft Self


You were on level 4 of the Dungeon.
You visited 1 branch of the dungeon, and saw 4 of its levels.

You collected 167 gold pieces.

Inventory:

Hand Weapons
 a - a +0 long sword (weapon)
Armour
 b - a +0 scale mail (worn)
 c - a +0 buckler (worn)
 k - a +0 pair of boots (worn)
Jewellery
 j - a ring of positive energy (left hand)
 p - an amulet of the acrobat (around neck)
Wands
 s - a wand of charming (4)
Scrolls
 e - a scroll of vulnerability {unknown}
 g - a scroll of fog {unknown}
 i - 6 scrolls of identify {unknown}
 l - a scroll of poison {unknown}
 n - 2 scrolls of fear {unknown}
 r - a scroll of teleportation {unknown}
Potions
 d - a potion of might
 f - 2 potions of curing {unknown}
 h - 2 potions of lignification {unknown}
 m - a potion of flight {unknown}
 o - a potion of cancellation {unknown}
 q - a potion of attraction {unknown}


   Skills:
 + Level 4.0 Fighting
 * Level 3.4 Long Blades
 + Level 4.0 Armour
 + Level 4.9 Shields


You had 4 spell levels left.
You didn't know any spells.
Your spell library was empty.

Dungeon Overview and Level Annotations

Branches:
Dungeon (4/15)
 Temple: D:4-7

Altars:


Innate Abilities, Weirdness & Mutations

You cannot be hasted, slowed, berserked, paralysed or teleported.
You can dig through walls and to a lower floor.
You have a pair of large antennae on your head. (SInv)
Your four strong arms can wield two-handed weapons with a shield.


Message History

You hit the orc priest.
The orc priest is lightly wounded.
You block the adder's attack.
The orc priest miscasts a cantrip.
You hit the orc priest.
The orc priest is heavily wounded.
A centaur comes into view.
The adder completely misses you. The iguana closely misses you.
The orc priest invokes the aid of Beogh against you.
Pain shoots through your body! The adder bites you but does no damage.
The iguana bites you!
You completely miss the orc priest.
The orc priest is heavily wounded.
The orc priest closely misses you. The adder bites you.
You block the iguana's attack. You block the orc priest's attack.
The adder bites you but does no damage.
You hit the orc priest.
The orc priest is severely wounded.
The iguana bites you but does no damage.
The adder bites you but does no damage.
The orc priest hits you with a +0 hand axe.
You hit the orc priest but do no damage.
The orc priest is severely wounded.
The adder bites you but does no damage. You block the iguana's attack.
The orc priest invokes the aid of Beogh against you.
Beogh smites you! The adder barely misses you. The iguana barely misses you.
Unknown command.
You hit the orc priest but do no damage.
The orc priest is severely wounded.
The orc priest hits you with a +0 hand axe.
The adder closely misses you. The iguana barely misses you.
The orc priest hits you with a +0 hand axe.
* * * LOW HITPOINT WARNING * * *
The adder bites you.
* * * LOW HITPOINT WARNING * * *
Are you sure you want to shaft yourself?
The adder bites you but does no damage. The iguana barely misses you.
The orc priest invokes the aid of Beogh against you.
Beogh smites you!
You die...

...g { ......
####... ......
#...... ####..
.......g ###
.....g.## #
#......{#
#....{#{#
~########o#
....chl@Sg#
.#######o.###
#....# ##....#
+.....#
##....# ####.#
##'###########
#........#.!.#


You could see a centaur, an iguana, a hound, an orc priest, a gnoll, an adder
and an orc.

Vanquished Creatures
  2 iguanas
  A dart slug (D:2)
  6 orcs (D:4)
  7 endoplasms
  2 giant cockroaches
  6 goblins
  3 hobgoblins
  3 jackals (D:2)
  2 quokkas
  9 ball pythons
  6 bats
  3 frilled lizards
  4 kobolds
  A rat (D:3)
55 creatures vanquished.

Notes
Turn   | Place    | Note
-------+----------+-------------------------------------------
     0 | D:1      | Ivernyr the Formicid Fighter began the quest for the Orb.
     0 | D:1      | Reached XP level 1. HP: 18/18 MP: 1/1
   235 | D:1      | Reached XP level 2. HP: 21/24 MP: 2/2
   700 | D:2      | Reached XP level 3. HP: 29/29 MP: 3/3
   795 | D:2      | Found a faded altar of an unknown god.
  1361 | D:3      | Identified the +2 robe "Losh" {Will+ Int+3 Dex+4}
  1666 | D:3      | Reached XP level 4. HP: 4/37 MP: 4/4
  1957 | D:4      | Reached XP level 5. HP: 12/42 MP: 5/5
  2270 | D:4      | Noticed a centaur
  2275 | D:4      | Killed from afar by an orc priest

Illustrated notes

Levels and vault maps discovered:
D:1:      minmay_arrival_four_circles, layout_loops_ring
D:2:      layout_loops_cross, shapermc_ecumenical_altar_acropolis
D:3:      layout_basic
D:4:      layout_basic, kennysheep_slug_shrine

Skill      XL: |  1  2  3  4  5 |
---------------+----------------+-----
Long Blades    | 3 |  3.4
Fighting       | 4 |  4.0
Armour         | 4 |  4.0
Shields        | |  4.9

Action                     |  1- 3 |  4- 6 || total
---------------------------+-------+-------++-------
  Melee: Long sword        |   103 |    53 ||   156
Ability: Dig               |     1 |     1 ||     2
         Shaft Self        |       |     1 ||     1
 Armour: Scale mail        |    56 |    21 ||    77
  Dodge: Dodged            |    57 |    29 ||    86
  Block: Buckler           |    38 |    13 ||    51
